Map: Cyber Forest LE

Players

Night

  • Race: Terran Terran
  • Spawn Location: 11:00

Mez - Winner!

  • Race: Terran Terran
  • League: Diamond
  • Spawn Location: 5:00

VOD

Have the link to the VOD?

Description

Time

  • Played on: July 28, 2019, 12:21 a.m.
  • Length: 3:14
Show
View Real Time Build Order
Export as new Build Order

Night Terran 

Build Orders:  

Get SALT Encoding   

  12  0:11  Supply Depot  
  12  0:39  Barracks  
  12  0:48  Barracks  
  12  0:56  SCV  
  13  1:03  Barracks  
  13  1:12  SCV  
  14  1:28  Marine  
  15  1:37  Marine  
  16  1:46  Marine, Supply Depot  
  17  1:50  Marine  
  18  1:55  Marine  
  19  2:04  Marine  
  19  2:08  Marine  
  21  2:40  Bunker  
  21  2:43  Marine  
Show
View Real Time Build Order
Export as new Build Order

Mez Terran - Winner!

Build Orders:  

Get SALT Encoding   

  12  0:00  SCV  
  13  0:13  SCV  
  14  0:17  Supply Depot  
  14  0:25  SCV  
  15  0:39  SCV, Barracks  
  16  0:46  Refinery  
  16  0:51  SCV  
  17  1:01  Barracks  
  17  1:04  SCV  
  18  1:13  Refinery  
  18  1:18  SCV  
  19  1:29  Reaper  
  19  1:31  Orbital Command  
  20  1:49  Reaper  
  20  1:50  Supply Depot  
  21  1:57  SCV  
  22  2:02  Reaper  
  23  2:10  SCV  
  23  2:16  Bunker  
  23  2:21  Marine  
  23  2:34  Marine  
  23  2:38  Marine  
  24  2:58  SCV  
Tags
 
Add a new tag
Caveats
  • Supply blocks, unpowered buildings, or Contaminate may cause inaccurate times.
  • Supply counts are checked every 10 seconds.